 Dungeon Crawl Stone Soup version 0.21.1-1-g345015fe64 (webtiles) character file.

301 Hercules1031 the Chopper (level 6, -2/76 HPs)
             Began as a Minotaur Fighter on June 14, 2018.
             Was a Follower of Makhleb.
             Slain by Gedi's ghost (3 damage)
             ... on level 4 of the Dungeon.
             The game lasted 00:11:26 (1958 turns).

Hercules1031 the Chopper (Minotaur Fighter)         Turns: 1958, Time: 00:11:27

Health: -2/76      AC: 23    Str: 22    XL:     6   Next: 14%
Magic:  5/5        EV:  2    Int:  5    God:    Makhleb [*.....]
Gold:   144        SH: 10    Dex: 10    Spells: 5/5 levels left

rFire    . . .     SeeInvis .   a - +0 war axe
rCold    . . .     Gourm    .   c - +0 shield
rNeg     + + +     Faith    .   (armour currently unavailable)
rPois    +         Spirit   .   (helmet currently unavailable)
rElec    .         Reflect  .   (cloak currently unavailable)
rCorr    .         Harm     .   (gloves currently unavailable)
MR       +....     NoTele   +   (boots currently unavailable)
Stlth    +.........             (no amulet)
HPRegen  0.22/turn              s - ring of protection from magic
MPRegen  0.09/turn              (no ring)

@: tree-form
A: (retaliatory headbutt)
a: Renounce Religion


You were on level 4 of the Dungeon.
You worshipped Makhleb.
Makhleb was aware of your devotion.
You were full.
You were a tree.
You visited 1 branch of the dungeon, and saw 4 of its levels.

You collected 144 gold pieces.

Inventory:

Hand Weapons
 a - a +0 war axe (weapon)
Armour
 b - a +0 scale mail (melded)
 c - a +0 shield (worn)
 d - a +0 pair of boots (melded)
 h - a +0 pair of gloves (melded)
Jewellery
 s - a ring of protection from magic (left branch)
Scrolls
 e - a scroll of noise {unknown}
 g - 5 scrolls of identify
 i - 3 scrolls of remove curse {unknown}
 j - 2 scrolls of fear {unknown}
 k - a scroll of teleportation {unknown}
 m - a scroll of enchant armour {unknown}
 n - 3 scrolls of magic mapping {unknown}
 o - a scroll of fog {unknown}
Potions
 l - a potion of lignification
 r - a potion of brilliance
Books
 q - a book of Dreams

   Spells                             Type                      Level
   a - Ensorcelled Hibernation        Hexes/Ice                    2
   b - Borgnjor's Vile Clutch         Necromancy/Earth             5
   c - Silence                        Hexes/Air                    5
   d - Darkness                       Hexes                        6
   e - Shadow Creatures               Summoning                    6
Comestibles
 f - 3 rations


   Skills:
 - Level 3.6 Fighting
 + Level 6.9 Axes
 + Level 4.3 Armour
 + Level 4.6 Shields


You had 5 spell levels left.
You didn't know any spells.

Dungeon Overview and Level Annotations

Branches:
Dungeon (4/15)
 Temple: D:4-7

Altars:
Makhleb

Annotations:
D:4 Gedi's ghost, amateur MiAK; Grinder; Pikel


Innate Abilities, Weirdness & Mutations

((You reflexively headbutt those who attack you in melee.))
((You have a pair of horns on your head.))


Message History

You closely miss Pikel.
The orc shouts!
You hit the slave but do no damage. You block Pikel's attack.
You block the slave's attack.
The orc priest hits you but does no damage.
You slash the orc priest!
You kill the orc priest!
Makhleb accepts your kill.
You hit Pikel. You closely miss the slave. You block Pikel's attack.
The slave hits you.
* * * LOW HITPOINT WARNING * * *
Unknown command.
You barely miss Pikel.
Pikel is heavily wounded.
You hit Gedi's ghost. You miss the slave. Pikel barely misses you.
Gedi's ghost lets out a mournful wail.
Gedi's ghost hits you but does no damage.
The slave hits you but does no damage. You block Pikel's attack.
You block the slave's attack. Gedi's ghost hits you.
You die...

### #.. #.# ..
#######.####.#.
.s.....pp......
#pKp.# #♣##.#
#W# o5# ....
o.### ... ....
....


You could see Pikel, Grinder, 4 slaves, Gedi's ghost and 2 orcs.

Vanquished Creatures
  The ghost of olverbman the Shooter, an amateur KoHu of Makhleb (D:3)
  A crimson imp (D:3)
  An orc priest (D:4)
  An iguana (D:4)
  3 adders
  2 oozes
  3 worms
  3 dart slugs (D:1)
  A leopard gecko (D:1)
  3 orcs
  8 giant cockroaches
  4 hobgoblins
  3 kobolds
  8 bats
  3 frilled lizards
  6 goblins
  4 rats
55 creatures vanquished.

Notes
Turn   | Place    | Note
-------+----------+-------------------------------------------
     0 | D:1      | Hercules1031 the Minotaur Fighter began the quest for the Orb.
     0 | D:1      | Reached XP level 1. HP: 19/19 MP: 0/0
    37 | D:1      | Reached skill level 3 in Axes
   129 | D:1      | Reached XP level 2. HP: 26/26 MP: 1/1
   373 | D:1      | Reached skill level 4 in Axes
   455 | D:1      | Reached XP level 3. HP: 28/31 MP: 2/2
  1122 | D:3      | Noticed olverbman's ghost (amateur KoHu)
  1133 | D:3      | Killed olverbman's ghost
  1133 | D:3      | Reached skill level 6 in Axes
  1133 | D:3      | Reached XP level 4. HP: 31/39 MP: 3/3
  1133 | D:3      | Reached XP level 5. HP: 35/45 MP: 4/4
  1472 | D:3      | Found a faded altar of an unknown god.
  1499 | D:3      | Became a worshipper of Makhleb the Destroyer
  1499 | D:3      | Reached * piety under Makhleb
  1941 | D:4      | Noticed a slave
  1942 | D:4      | Noticed Grinder
  1943 | D:4      | Noticed Pikel
  1943 | D:4      | Noticed a slave
  1944 | D:4      | Noticed Gedi's ghost (amateur MiAK)
  1945 | D:4      | Noticed a slave
  1948 | D:4      | Noticed a slave
  1950 | D:4      | Reached XP level 6. HP: 18/51 MP: 5/5
  1954 | D:4      | HP: 3/76 [orc priest/divine providence (16)]
  1957 | D:4      | HP: 1/76 [slave[Pikel] (3)]
  1958 | D:4      | Slain by Gedi's ghost

Skill      XL: |  1  2  3  4  5 |
---------------+----------------+-----
Axes           | 3 4 6 |  6.9
Shields        | 4 |  4.6
Armour         | 4 |  4.3
Fighting       | |  3.6

Action                   |  1- 3 |  4- 6 || total
-------------------------+-------+-------++-------
Melee: War axe           |    82 |    76 ||   158
       Headbutt          |    12 |    11 ||    23
  Use: Potion            |     8 |     3 ||    11
       Scroll            |       |     1 ||     1
  Eat: Ration            |     3 |       ||     3
Armor: Scale mail        |    39 |    36 ||    75
       Skin              |     1 |    16 ||    17
Dodge: Dodged            |    21 |    30 ||    51
Block: Shield            |    54 |    50 ||   104
